 Dungeon Crawl Stone Soup version 0.30-a0-743-gbfdf073431 (webtiles) character file.

Game seed: 9728521420459622802

3835 browni3141 the Thaumaturge (level 9, -17/72 HPs)
             Began as a Mummy Cinder Acolyte on Feb 8, 2023.
             Was an Elder of Ignis.
             Demolished by Erolcha
             ... wielding a +0 giant spiked club
              (19 damage)
             ... on level 9 of the Dungeon.
             The game lasted 00:17:18 (10774 turns).

browni3141 the Thaumaturge (Mummy Cinder Acolyte)  Turns: 10774, Time: 00:17:19

Health: -17/72     AC: 14    Str: 17    XL:     9   Next: 98%
Magic:  0/25       EV: 11    Int: 21    God:    Ignis [****..]
Gold:   591        SH:  0    Dex:  7    Spells: 28/32 levels left

rFire   + + .      SeeInvis .    l - +2 hand axe (freeze)
rCold   + . .      Faith    +    (no shield)
rNeg    + + +      Spirit   +    C - +0 leather armour {rF+}
rPois   ∞          Reflect  .    E - +1 helmet {Int+3}
rElec   .          Harm     .    k - +0 cloak
rCorr   .          Rampage  .    D - +0 pair of gloves
Will    +....                    u - +2 pair of boots
Stlth   x                          - amulet of guardian spirit
HPRegen 0.32/turn                f - ring of protection from fire
MPRegen 0.19/turn                F - +4 ring of protection

@: silenced
A: cold resistance 1, negative energy resistance 3, torment resistance 2, heat
vulnerability 1, in touch with death 1, no potions, faith
a: Renounce Religion


You were on level 9 of the Dungeon.
You worshipped Ignis.
Ignis was greatly pleased with you.
You visited 1 branch of the dungeon, and saw 12 of its levels.
You also visited: Ossuary.

You collected 591 gold pieces.

Inventory:

Hand Weapons
 a - a -1 hand axe of flaming
 l - a +2 hand axe of freezing (weapon)
 y - a +5 rapier
Missiles
 h - 3 curare-tipped darts
 n - 4 silver javelins
Armour
 b - a +0 robe
 c - a +0 leather armour
 k - a +0 cloak (worn)
 u - a +2 pair of boots (worn)
 C - a +0 leather armour of fire resistance (worn)
 D - a +0 pair of gloves (worn)
 E - a +1 helmet of intelligence (worn)
Jewellery
 f - a ring of protection from fire (left hand)
 q - a ring of protection from cold
 v - a ring of ice
 x - an amulet of guardian spirit (around neck)
 F - a +4 ring of protection (right hand)
 G - a ring of magical power
Wands
 A - a wand of charming (5)
Scrolls
 d - a scroll of identify
 e - 4 scrolls of blinking
 g - a scroll of amnesia
 i - 2 scrolls of fog
 j - a scroll of silence
 m - a scroll of butterflies
 o - a scroll of vulnerability
 p - a scroll of teleportation
 r - a scroll of torment
 s - a scroll of enchant weapon
 t - 2 scrolls of enchant armour {unknown}
 w - a scroll of noise {unknown}
 z - a scroll of poison {unknown}
 B - a scroll of brand weapon {unknown}
 H - a scroll of acquirement {unknown}


   Skills:
 * Level 7.6 Fighting
 - Level 6.0 Axes
 - Level 12.0 Spellcasting
 - Level 3.0 Necromancy
 - Level 3.0 Fire Magic


You had 28 spell levels left.
You knew the following spells:

 Your Spells              Type           Power      Damage    Failure   Level
a - Scorch                Fire           50%        2d8       2%          2
b - Cigotuvi's Dreadful   Necr/Pois/Air  50%        N/A       6%          2

Your spell library contained the following spells:

 Spells                   Type           Power      Damage    Failure   Level
 Apportation              Tloc           24%        N/A       6%          1
 Sandblast                Erth           24%        2d8       6%          1
 Summon Small Mammal      Summ           48%        N/A       6%          1
 Ensorcelled Hibernation  Hex/Ice        24%        N/A       10%         2
 Passwall                 Tmut/Erth      10%        N/A       10%         2
 Poisonous Vapours        Pois/Air       24%        N/A       10%         2
 Call Canine Familiar     Summ           12%        N/A       19%         3
 Mephitic Cloud           Conj/Pois/Air  12%        N/A       19%         3
 Ozocubu's Armour         Ice            12%        N/A       19%         3
 Portal Projectile        Hex/Tloc       24%        N/A       19%         3
 Stone Arrow              Conj/Erth      24%        3d8       19%         3
 Summon Guardian Golem    Hex/Summ       12%        N/A       19%         3
 Swiftness                Air            12%        N/A       19%         3
 Tukima's Dance           Hex            12%        N/A       19%         3
 Animate Armour           Summ/Erth      24%        N/A       54%         4
 Alistair's Intoxication  Tmut/Pois      8%         N/A       87%         5
 Ozocubu's Refrigeration  Ice            6%         4d8       100%        7
 Summon Hydra             Summ           6%         N/A       100%        7
 Lehudib's Crystal Spear  Conj/Erth      6%         10d3      100%        8
 Sublimation of Blood     Necr           Unusable   N/A       N/A         2
 Wereblood                Tmut           Unusable   N/A       N/A         2
 Blade Hands              Tmut           Unusable   N/A       N/A         5

Dungeon Overview and Level Annotations

Branches:
Dungeon (12/15)            Temple (0/1) D:4         Ossuary (visited)
   Lair: D:8-11         Orc: D:9-12

Altars:
Fedhas
Gozag
Nemelex Xobeh
Ru
Wu Jian
Yredelemnul

Shops:
D:1 (   D:5 :

Annotations:
D:2 dig vault
D:6 3 runed translucent doors, exclusion: 3 doors, avis's ghost, novice DgHu; demibob's ghost, novice TrCK
D:9 Erolcha


Innate Abilities, Weirdness & Mutations

You are immune to poison.
Your flesh is cold resistant. (rC+)
You are immune to negative energy. (rN+++)
You are immune to unholy pain and torment.
You are vulnerable to heat. (rF-)
You are in touch with the powers of death.
You do not drink.
You have a special connection with the divine. (Faith)


Message History

You hit Erolcha but do no damage.
Erolcha is heavily wounded.
You hit Erolcha. You freeze Erolcha.
Erolcha is heavily wounded.
Erolcha closely misses you.
You hit Erolcha. You freeze Erolcha.
Erolcha is heavily wounded.
Erolcha hits you with a +0 giant spiked club!
You hit Erolcha but do no damage.
Erolcha is heavily wounded.
You closely miss Erolcha.
Erolcha is heavily wounded.
Erolcha barely misses you.
You hit Erolcha. You freeze Erolcha.
Erolcha is heavily wounded.
Erolcha hits you with a +0 giant spiked club!!
You hit Erolcha but do no damage.
Erolcha is heavily wounded.
You hit Erolcha. You freeze Erolcha.
Erolcha is severely wounded.
Erolcha hits you with a +0 giant spiked club!
You hit Erolcha but do no damage.
Erolcha is severely wounded.
Erolcha barely misses you.
You hit Erolcha but do no damage.
Erolcha is severely wounded.
You closely miss Erolcha.
Erolcha is severely wounded.
Erolcha hits you with a +0 giant spiked club!!!
* * * LOW HITPOINT WARNING * * *
Aiming: Charm
Press: ? - help, Shift-Dir - straight line, f - Erolcha
Aim: Erolcha, wielding a +0 giant spiked club and wearing a +0 robe (silenced, severely wounded, chance to affect: 17%)
Okay, then.
Unknown command.
Okay, then.
You slash Erolcha! You freeze Erolcha.
Erolcha is almost dead.
Erolcha hits you with a +0 giant spiked club!!
You die...

..................
##############...........
.............#...........
!..............######....
...............# #...#
...............# #...#
#..............# #...#
#..............#
#.......@......#
#......O..8.8..#
#..............#
#.........####/#
#.........# .#
#.........# #.........#
......##+# #.... #....


You could see Erolcha.

Vanquished Creatures
  An ugly thing (D:11)
  A hornet (D:8)
  Grinder (D:5)
  A wraith (D:11)
  2 shadows
  2 water moccasins (D:8)
  A sky beast (D:8)
  3 orc warriors
  3 centaurs
  2 kobold brigands
  A bullfrog (D:8)
  4 necrophages
  6 water moccasin zombies (Ossuary)
  3 jellies
  3 howler monkeys
  2 hounds
  4 gnoll boudas
  5 iguanas
  5 orc wizards
  2 mummies (Ossuary)
  8 adders
  8 gnolls
  2 shadow imps
  An ufetubus (D:6)
  3 adder zombies (Ossuary)
  2 dart slugs
  24 orcs
  8 endoplasms
  2 giant cockroaches
  5 goblins
  9 hobgoblins
  4 jackals (D:1)
  4 quokkas
  5 ball pythons
  8 bats
  A frilled lizard (D:1)
  6 gnoll zombies (Ossuary)
  2 hobgoblin zombies (Ossuary)
  19 kobolds
  3 kobold zombies (Ossuary)
  8 orc zombies (Ossuary)
  10 rats
194 creatures vanquished.

Notes
Turn   | Place    | Note
-------+----------+-------------------------------------------
     0 | D:1      | browni3141 the Mummy Cinder Acolyte began the quest for the
                  | Orb.
     0 | D:1      | Reached XP level 1. HP: 18/18 MP: 2/2
    77 | D:1      | Reached skill level 2 in Spellcasting
   224 | D:1      | Reached XP level 2. HP: 22/24 MP: 5/5
   234 | D:1      | Learned a level 2 spell: Scorch
   521 | D:1      | Found Kahiohin's Antique Weapon Emporium.
   636 | D:1      | Reached skill level 3 in Spellcasting
  1131 | D:2      | Gained mutation: You are in touch with the powers of death.
                  | [Mummy growth]
  1131 | D:2      | Reached XP level 3. HP: 29/29 MP: 4/7
  1171 | D:2      | Found a faded altar of an unknown god.
  2327 | D:3      | Reached XP level 4. HP: 26/35 MP: 2/9
  3062 | D:3      | Found an opulent altar of Gozag.
  3148 | D:4      | Found a staircase to the Ecumenical Temple.
  3203 | D:4      | Learned a level 2 spell: Cigotuvi's Dreadful Rot
  3216 | D:4      | Found a sand-covered staircase.
  3225 | Ossuary  | Entered an ossuary
  3343 | Ossuary  | Reached skill level 4 in Spellcasting
  3343 | Ossuary  | Reached XP level 5. HP: 13/42 MP: 2/11
  3361 | Ossuary  | Reached skill level 1 in Necromancy
  3527 | Ossuary  | Reached XP level 6. HP: 14/48 MP: 1/12
  3678 | Ossuary  | Reached skill level 5 in Spellcasting
  4271 | D:4      | Reached XP level 7. HP: 55/55 MP: 9/14
  4567 | D:5      | Entered Level 5 of the Dungeon
  4634 | D:5      | Noticed Grinder
  4639 | D:5      | Killed Grinder
  4640 | D:5      | Reached skill level 5 in Fighting
  4762 | D:5      | Found Lynnadgh's Self-Improvement Boutique.
  5131 | D:5      | Reached skill level 6 in Spellcasting
  5841 | D:6      | Found a runed translucent gate.
  5842 | D:6      | Found a runed translucent gate.
  5843 | D:6      | Found a runed translucent gate.
  5845 | D:6      | Noticed demibob's ghost (novice TrCK)
  5845 | D:6      | Noticed avis's ghost (novice DgHu)
  5993 | D:6      | Reached XP level 8. HP: 63/64 MP: 8/17
  6087 | D:6      | Found a sparkling altar of Nemelex Xobeh.
  7221 | D:6      | Reached skill level 5 in Axes
  7221 | D:6      | Reached skill level 7 in Spellcasting
  7489 | D:7      | Reached skill level 8 in Spellcasting
  7728 | D:7      | Reached skill level 9 in Spellcasting
  8755 | D:8      | Reached XP level 9. HP: 66/69 MP: 10/22
  8914 | D:8      | Reached skill level 10 in Spellcasting
  9092 | D:8      | Found an ornate altar of the Wu Jian Council.
  9450 | D:8      | Noticed a two-headed ogre
  9661 | D:8      | Reached skill level 11 in Spellcasting
 10114 | D:8      | Reached skill level 12 in Spellcasting
 10490 | D:9      | You fall into a shaft and drop 3 floors!
 10498 | D:12     | Noticed a boulder beetle
 10549 | D:11     | Noticed a green ugly thing
 10561 | D:11     | Killed a green ugly thing
 10628 | D:10     | Entered Level 10 of the Dungeon
 10690 | D:9      | Found a blossoming altar of Fedhas.
 10690 | D:9      | Found a sacrificial altar of Ru.
 10691 | D:9      | Found a basalt altar of Yredelemnul.
 10755 | D:9      | Noticed Erolcha
 10773 | D:9      | HP: 2/72 [Erolcha/+0 giant spiked club (31)]
 10774 | D:9      | Demolished by Erolcha

Illustrated notes

Levels and vault maps discovered:
D:1:      spicycebolla_arrival_xxxplode, layout_basic, serial_shops, shop,
          kennysheep_flooded_box
D:2:      layout_loops_ring, ebering_ecumenical_altar_mist, serial_park_tiny_1,
          due_unseen_surprise
D:3:      minmay_inner_zag, layout_rooms, nicolae_gozag_seed_capital,
          grunt_ministairs_13
D:4:      layout_basic, minmay_temple_entry_wispy, chequers_ossuary_entry_cave,
          grunt_ministairs_13
D:5:      layout_basic, nicolae_shop_self_help, uniq_grinder
D:6:      layout_gridville, nemelex_xobeh_ov_fountains_minmay,
          gammafunk_ghost_cemetery
D:7:      layout_cave_pools, mainiacjoe_overflow_alcove_2
D:8:      minmay_slanted_spiral_squares, layout_basic,
          pdpol_wu_jian_five_deadly_venoms
D:9:      layout_irregular_city, chequers_temple_overflow_statue_of_worship,
          serial_column_ruins, column_ruins_temple_circle,
          column_ruins_courtyard_long, column_ruins_columns_straight,
          column_ruins_columns_straight, column_ruins_open_small,
          column_ruins_corridor_straight, column_ruins_open_tiny,
          column_ruins_columns_corner, enter_bailey_3, uniq_erolcha
D:10:     layout_basic, erik_lair_dragon
D:11:     layout_loops_ring, david_orc_4, reono_crystal_passage
D:12:     layout_roguey, chequers_serial_rivers_marsh

Skill      XL: |  1  2  3  4  5  6  7  8  9 |
---------------+----------------------------+-----
Spellcasting   | 2 3 4 5 6 9 12 | 12.0
Fire Magic     | 3 |  3.0
Axes           | 3 4 5 6 |  6.0
Necromancy     | 1 2 3 |  3.0
Fighting       | 4 5 6 7 |  7.6

Action                     |  1- 3 |  4- 6 |  7- 9 || total
---------------------------+-------+-------+-------++-------
  Melee: Hand axe          |    89 |    88 |   102 ||   279
         Punch             |       |     2 |     1 ||     3
   Cast: Scorch            |    38 |    51 |   195 ||   284
         Cigotuvi's Dreadf |       |       |     2 ||     2
 Invoke: Fiery Armour      |     1 |     1 |     2 ||     4
    Use: Scroll            |       |       |    12 ||    12
 Armour: Robe              |    20 |       |       ||    20
         Leather armour    |    17 |    35 |   103 ||   155
  Dodge: Dodged            |    83 |    54 |   146 ||   283

Table legend: (Time is in decaauts)
 A = Elapsed time spent in this place.
 B = Non-inter-level travel time spent in this place.
 C = Inter-level travel time spent in this place.
 D = Time resting spent in this place.
 E = Time spent auto-exploring this place.
 F = Levels seen in this place.
 G = Mean time per level.
                   A        B        C        D        E       F      G
               +--------+--------+--------+--------+--------+-----+--------+
         Total |  10820 |  10379 |    441 |    769 |   7746 |  13 |  832.3 |
       Dungeon |  10171 |   9730 |    441 |    544 |   7519 |  12 |  847.6 |
       Ossuary |    648 |    648 |      0 |    225 |    227 |   1 |  648.0 |
               +--------+--------+--------+--------+--------+-----+--------+

Top non-repeatable levels by time:
     D:8: 1969 daAuts
     D:6: 1555 daAuts
     D:3: 1185 daAuts
     D:7: 1171 daAuts
     D:5: 1160 daAuts
     D:1: 1108 daAuts
     D:4: 853 daAuts
     D:2: 843 daAuts
 Ossuary: 648 daAuts
     D:9: 149 daAuts
    D:11: 89 daAuts
    D:12: 58 daAuts
    D:10: 26 daAuts
